 Dungeon Crawl Stone Soup version 0.28.0-47-ge53b351184 (webtiles) character file.

Game seed: 16179935667640028210

213798 sanboga the Severer (level 18, -2/186 HPs)
             Began as a Gargoyle Fighter on Apr 26, 2022.
             Was the Champion of Trog.
             Succumbed to barbed spike wounds
             ... on level 2 of the Spider Nest.
             The game lasted 01:00:17 (36290 turns).

sanboga the Severer (Gargoyle Fighter)             Turns: 36290, Time: 01:00:17

Health: -2/186     AC: 50    Str: 33      XL:     18   Next: 97%
Magic:  18/18      EV: 11    Int: 10      God:    Trog [******]
Gold:   1634       SH: 20    Dex: 15 (16) Spells: 17/17 levels left

rFire   + + .      SeeInvis .   H - +8 broad axe "Leviticus" {flame, rF- rC+ Dex+4}
rCold   + . .      Faith    .   n - +0 tower shield
rNeg    + . .      Spirit   .   x - +4 plate armour
rPois   ∞          Reflect  .   c - +0 helmet of Mysticism {Str+6 Dex+3}
rElec   +          Harm     .   E - +2 cloak {rF+}
rCorr   +          Rampage  .   r - +2 pair of gloves
Will    ++...      Rnd*Tele +   y - +0 pair of boots {Stlth+}
Stlth   ..........              C - amulet of regeneration
HPRegen 1.21/turn               d - ring of Xomikyum {Drain rF++ rCorr EV+4 Stlth+}
MPRegen 0.16/turn               q - +4 ring of protection

@: berserking, spiked, flying, very quick
A: sickness immunity, AC +13, big wings, negative energy resistance 1,
electricity resistance, torment resistance 1, petrification resistance,
strong-willed 1, teleportitis 1
}: 1/15 runes: decaying
a: Renounce Religion, Berserk, Trog's Hand, Brothers in Arms


You were on level 2 of the Spider Nest.
You worshipped Trog.
Trog was exalted by your worship.
You visited 6 branches of the dungeon, and saw 30 of its levels.
You also visited: Gauntlet, Ice Cave and Volcano.

You collected 3194 gold pieces.
You spent 1560 gold pieces at shops.

Inventory:

Hand Weapons
 a - the +8 broad axe "Befat" {freeze, Contam rPois rC+ Will+}
   (You found it on level 13 of the Dungeon)

   It freezes those it strikes, dealing additional cold damage.
   It can also slow down cold-blooded creatures.
   rC:        It protects you from cold.
   rPois:     It protects you from poison.
   Contam:    It causes magical contamination when unequipped.
   Will:      It increases your willpower.
 b - a +3 broad axe of flaming
 H - the +8 broad axe "Leviticus" (weapon) {flame, rF- rC+ Dex+4}
   (Trog gifted it to you on level 3 of the Swamp)

   It burns those it strikes, dealing additional fire damage.
   Big, fiery blades are also staple armaments of hydra-hunters.
   Dex:       It affects your dexterity (+4).
   rF:        It makes you vulnerable to fire.
   rC:        It protects you from cold.
Armour
 c - the +0 helmet of Mysticism (worn) {Str+6 Dex+3}
   (You bought it in a shop on level 2 of the Orcish Mines)

   Str:       It affects your strength (+6).
   Dex:       It affects your dexterity (+3).
 n - a +0 tower shield (worn)
 r - a +2 pair of gloves (worn)
 x - a +4 plate armour (worn)
 y - a +0 pair of boots of stealth (worn)
 E - a +2 cloak of fire resistance (worn)
Jewellery
 d - the ring of Xomikyum (left hand) {Drain rF++ rCorr EV+4 Stlth+}
   (You bought it in a shop on level 2 of the Orcish Mines)

   [ring of evasion]

   EV:        It affects your evasion (+4).
   rF:        It greatly protects you from fire.
   rCorr:     It protects you from acid and corrosion.
   Drain:     It drains your maximum health when unequipped.
   Stlth:     It makes you more stealthy.
 q - a +4 ring of protection (right hand)
 A - a ring of ice
 C - an amulet of regeneration (around neck)
 I - a ring of willpower
 K - a ring of resist corrosion
Wands
 g - a wand of polymorph (15)
 h - a wand of mindburst (12)
 i - a wand of acid (11)
 k - a wand of charming (11)
 p - a wand of flame (21)
 s - a wand of paralysis (14)
 v - a wand of digging (37)
 w - a wand of iceblast (40)
Scrolls
 e - 7 scrolls of teleportation
 l - 4 scrolls of fog
 m - 5 scrolls of enchant armour
 o - 3 scrolls of enchant weapon
 t - a scroll of holy word
 D - a scroll of brand weapon
 G - 2 scrolls of fear
Potions
 f - 3 potions of might
 j - 5 potions of resistance
 u - 5 potions of haste
 z - 5 potions of curing
 B - 7 potions of ambrosia
 F - 4 potions of berserk rage
 J - a potion of mutation
 L - 2 potions of invisibility


   Skills:
 + Level 17.9 Fighting
 - Level 18.0 Axes
 + Level 17.9 Armour
 + Level 17.9 Shields


You had 17 spell levels left.
You didn't know any spells.
Your spell library contained the following spells:

 Spells                   Type           Power      Damage    Failure   Level
 Animate Skeleton         Necr           0%         N/A       99%         1
 Apportation              Tloc           0%         N/A       99%         1
 Sandblast                Erth           0%         2d4       99%         1
 Summon Small Mammal      Summ           0%         N/A       99%         1
 Passwall                 Tmut/Erth      0%         N/A       99%         2
 Wereblood                Tmut           0%         N/A       99%         2
 Stone Arrow              Conj/Erth      0%         3d7       100%        3
 Passage of Golubria      Tloc           0%         N/A       100%        4
 Silence                  Hex/Air        0%         N/A       100%        5
 Summon Hydra             Summ           0%         N/A       100%        7
 Lehudib's Crystal Spear  Conj/Erth      0%         10d2      100%        8
 Sublimation of Blood     Necr           Unusable   N/A       N/A         2

Dungeon Overview and Level Annotations

Branches:
Dungeon (15/15)            Temple (1/1) D:6            Lair (6/6) D:11
  Swamp (4/4) Lair:2       Spider (2/4) Lair:2        Slime (0/5) Lair:5
    Orc (2/2) D:10            Elf (0/3) Orc:2        Vaults (0/5) D:14
 Depths (0/4) D:15          IceCv (visited)         Volcano (visited)
Gauntlet (visited)

Altars:
Ashenzari
Cheibriados
Dithmenos
Elyvilon
Fedhas
Gozag
Hepliaklqana
Kikubaaqudgha
Makhleb
Nemelex Xobeh
Okawaru
Qazlal
Ru
Sif Muna
Trog
Uskayaw
Vehumet
Wu Jian
Xom
Yredelemnul
Zin
The Shining One
Beogh

Shops:
D:2 =   D:5 *(([   D:7 [   Orc:2 [(=*


Innate Abilities, Weirdness & Mutations

You are immune to sickness and miasma.
Your stone body is resilient. (AC +13)
You are immune to poison.
Your large and strong wings let you fly.
You resist negative energy. (rN+)
You are resistant to electric shocks. (rElec)
You are resistant to unholy torment.
You are immune to petrification.
You are strong-willed. (Will+)
You are occasionally teleported next to monsters.


Message History

A meliai comes into view.
It is wielding a +2 hand axe of distortion.
You slice the steelbarb worm!! You burn the steelbarb worm.
You feel the power of Trog in you as your rage grows.
You kill the steelbarb worm!
Trog accepts your kill.
The jumping spider leaps!
A meliai comes into view. It is wielding a +0 hand axe.
The barbs in your skin will harm you if you move.
Continue? [Y]es or [N]o only, please.
The barbs in your skin will harm you if you move.
Continue?
The barbed spikes dig painfully into your body as you move.
* * * LOW HITPOINT WARNING * * *
The meliai calls down the wrath of its god upon you.
Something smites you!
* * * LOW HITPOINT WARNING * * *
You block the jumping spider's attack. The jumping spider barely misses you.
The meliai mumbles some strange prayers to its god against you.
Something smites you!
* * * LOW HITPOINT WARNING * * *
Things that are here:
a +0 hand axe; a +0 robe; a meliai corpse The barbed spikes dig painfully into your body as you move.
* * * LOW HITPOINT WARNING * * *
You feel a strong urge to attack something.
You block the jumping spider's attack.
The jumping spider bites you but does no damage.
You are too berserk!
You slice the jumping spider!! You burn the jumping spider.
The jumping spider is severely wounded.
You carve the jumping spider like a ham!!!
You burn the jumping spider.
You kill the jumping spider!
Trog accepts your kill.
A culicivora comes into view.
You are too berserk!
You are too berserk!
You are too berserk!
You are too berserk!
The barbed spikes dig painfully into your body as you move.
You die...

....................
.....#.........#.[..
.......[[...........
.......†<...#.....#.
..#..........^...^#
....##...(†.........
.........#....#.#...
....##...#.)......^.
.......@........#...
......#...........>
s.<....)#......#...
.#.....).).#.#.....
.....y.y))........#
..#y...^...........
.....#.........#...
.#.........##....#!
.^....#..... ....


You could see a culicivora (wandering) and 3 meliai.

Vanquished Creatures
  2 tentacled monstrosities (Swamp:4)
  4 thorn hunters (Swamp:4)
  Kirke (Lair:6)
  3 fenstrider witches (Swamp:4)
  2 orc warlords (Orc:1)
  2 ghost moths (Spider:1)
  A reaper (Swamp:4)
  A ghoul (Swamp:4)
  A broodmother (Spider:2)
  A stone giant (D:15)
  The ghost of Laowois the Severer, a journeyman MiBe of Trog (D:14)
  A minotaur (Gauntlet)
  6 eleionomae
  A spark wasp (Spider:1)
  10 bunyips
  A blizzard demon (Swamp:4)
  3 shambling mangroves
  7 hydras
  Harold (D:7)
  Fannar (Lair:1)
  5 boulder beetles
  8 vault guards
  3 ogre magi
  An ice dragon (D:13)
  A jorogumo (Spider:1)
  7 centaur warriors
  4 two-headed ogres
  A catoblepas (Lair:2)
  11 alligators
  3 ghost crabs
  A death yak (D:10)
  3 tengu warriors
  7 orc high priests
  4 slime creatures (D:12)
  A fire crab (Gauntlet)
  A hell knight (Volcano)
  A deep elf knight (D:13)
  A soul eater (Swamp:4)
  A shadow wraith (D:13)
  5 goliath frogs
  A sixfirhy (Swamp:4)
  19 skeletal warriors
  2 pharaoh ants (Spider:1)
  4 orb spiders
  6 spriggan druids
  7 swamp dragons
  4 steelbarb worms
  2 deep trolls (D:15)
  2 sun moths
  A bog body (Swamp:1)
  A death drake (Swamp:4)
  A lindwurm (Lair:6)
  A deep elf archer (Orc:1)
  Pikel (D:7)
  5 deep elf pyromancers
  4 wizards
  10 orc knights
  9 deep elf zephyrmancers
  A necromancer (D:15)
  9 orc sorcerers
  9 ugly things
  8 cyclopes
  4 salamanders (Volcano)
  A shining eye (shapeshifter) (D:13)
  13 wolf spiders
  A moth of wrath (Spider:1)
  A worldbinder (Gauntlet)
  2 manticores
  24 elephants
  2 ice statues (IceCv)
  Joseph (Lair:1)
  5 black mambas
  17 cane toads
  2 torpor snails
  4 orange demons (Swamp:4)
  An unseen horror (D:11)
  2 gargoyles (Volcano)
  A rime drake (shapeshifter) (D:13)
  4 molten gargoyles
  2 efreet
  4 demonic crawlers
  3 rime drakes (Lair:3)
  6 kobold demonologists
  A tengu conjurer (D:14)
  A freezing wraith (IceCv)
  7 komodo dragons
  A troll (shapeshifter) (D:15)
  A meliai (shapeshifter) (D:13)
  A queen bee (Lair:1)
  3 polar bears
  13 hornets
  12 meliai
  34 blink frogs
  13 tyrant leeches
  8 trolls
  16 tarantellas
  4 dream sheep (Lair:6)
  3 centaur simulacra (D:12)
  10 spriggans
  19 jumping spiders
  A shadow (D:12)
  21 yaks
  A vampire (D:10)
  A basilisk (D:10)
  5 hogs (Lair:6)
  2 wraiths
  5 wyverns
  8 fire bats
  14 culicivoras
  2 neqoxecs (Swamp:4)
  2 chaos spawn (Swamp:4)
  Grum (D:8)
  A yak (shapeshifter) (D:13)
  2 death yak simulacra (IceCv)
  22 redbacks
  A redback simulacrum (D:15)
  A steam dragon (D:9)
  17 vampire mosquitoes
  12 wargs
  19 swamp worms
  3 hell hounds (Gauntlet)
  14 water moccasins
  An ice beast (D:4)
  34 orc warriors
  A swamp drake (Swamp:2)
  A necrophage (D:6)
  4 ogres
  3 black bears
  2 boggarts
  22 wolves
  14 centaurs
  4 kobold brigands
  3 scorpions
  19 bullfrogs
  2 gnoll sergeants
  37 killer bees
  2 water moccasin skeletons
  18 wights
  2 electric eels
  A howler monkey (D:9)
  A bullfrog zombie (D:7)
  2 centaur zombies
  4 hounds
  8 jellies
  18 orc priests
  A bullfrog skeleton (D:7)
  3 gnoll shamans
  2 iguanas (D:6)
  Terence (D:2)
  22 orc wizards
  7 hell rats (Lair:5)
  2 polar bear simulacra (IceCv)
  A killer bee zombie (D:9)
  A howler monkey zombie (D:10)
  A howler monkey skeleton (D:7)
  24 gnolls
  7 adders
  A shadow imp (D:5)
  A white imp (D:12)
  3 ufetubi
  5 worms
  2 dart slugs (D:2)
  63 orcs
  2 ball pythons
  9 endoplasms
  5 giant cockroaches
  5 goblins
  10 hobgoblins
  13 jackals
  2 quokkas (D:2)
  4 bats
  2 frilled lizards
  22 kobolds
  A quokka skeleton (D:4)
  7 rats
  A spectral orc (D:5)
  4 briar patches (Swamp:4)
1065 creatures vanquished.

Vanquished Creatures (collateral kills)
  An ugly thing (IceCv)
1 creature vanquished.

Vanquished Creatures (others)
  A hydra (D:14)
  A wizard (D:15)
  A molten gargoyle (Volcano)
  2 bloated husks
  A jumping spider (Spider:1)
  A centaur (D:11)
  A quokka (D:6)
  A briar patch (Swamp:4)
  35 fungi
  77 plants
121 creatures vanquished.

Grand Total: 1187 creatures vanquished

Notes
Turn   | Place    | Note
-------+----------+-------------------------------------------
     0 | D:1      | sanboga the Gargoyle Fighter began the quest for the Orb.
     0 | D:1      | Reached XP level 1. HP: 14/14 MP: 1/1
   143 | D:1      | Reached skill level 2 in Axes
   148 | D:1      | Reached XP level 2. HP: 19/19 MP: 2/2
   485 | D:2      | Reached XP level 3. HP: 13/23 MP: 3/3
   699 | D:2      | Found a shimmering blue altar of Sif Muna.
   943 | D:2      | Reached XP level 4. HP: 11/29 MP: 4/4
  1189 | D:2      | Noticed a scorpion
  1196 | D:2      | Killed a scorpion
  1197 | D:2      | Reached skill level 3 in Axes
  1197 | D:2      | Reached XP level 5. HP: 31/33 MP: 5/5
  1342 | D:2      | Found Nuenoacu's Jewellery Shop.
  1479 | D:2      | Found a faded altar of an unknown god.
  1533 | D:2      | Noticed Terence
  1540 | D:2      | Killed Terence
  2361 | D:3      | Reached XP level 6. HP: 15/38 MP: 1/6
  3300 | D:4      | Reached skill level 4 in Axes
  3862 | D:4      | Reached XP level 7. HP: 42/44 MP: 7/7
  4346 | D:5      | Entered Level 5 of the Dungeon
  4482 | D:5      | Found Woiduoc's Antique Weapon Shop.
  4489 | D:5      | Found Modeik's Antique Weapon Boutique.
  4547 | D:5      | Reached skill level 5 in Shields
  4552 | D:5      | Reached skill level 5 in Fighting
  4552 | D:5      | Reached skill level 5 in Armour
  4876 | D:5      | Found Kagostreu's Antique Armour Shoppe.
  5117 | D:5      | Reached skill level 5 in Axes
  5176 | D:5      | Found an opulent altar of Gozag.
  5176 | D:5      | Found a sacrificial altar of Ru.
  5177 | D:5      | Found a broken altar of Ashenzari.
  5228 | D:5      | Found Cecwu's Assorted Antiques.
  5245 | D:5      | Bought a scroll labelled HAIHIF JOVAVI for 29 gold pieces
  5245 | D:5      | Bought a scroll labelled CEUMUHEKHLA for 29 gold pieces
  5245 | D:5      | Bought a scroll labelled ZIG TITTIKH for 29 gold pieces
  5245 | D:5      | Bought a murky cyan potion for 26 gold pieces
  5245 | D:5      | Bought a fuming red potion for 26 gold pieces
  5327 | D:5      | Found a basalt altar of Yredelemnul.
  5465 | D:6      | Reached XP level 8. HP: 49/49 MP: 8/8
  5662 | D:6      | Found a staircase to the Ecumenical Temple.
  5689 | Temple   | Entered the Ecumenical Temple
  6546 | D:6      | Found a shadowy altar of Dithmenos.
  6755 | D:6      | Reached skill level 6 in Axes
  6790 | D:6      | Found a white marble altar of Elyvilon.
  6860 | D:6      | Found a snail-covered altar of Cheibriados.
  7351 | D:7      | Found Wekha's Armour Boutique.
  7523 | D:7      | Noticed Pikel
  7546 | D:7      | Killed Pikel
  7547 | D:7      | Reached skill level 7 in Axes
  7547 | D:7      | Reached XP level 9. HP: 56/56 MP: 9/9
  7757 | D:7      | Noticed Harold
  7774 | D:7      | Killed Harold
  7775 | D:7      | Reached skill level 8 in Axes
  8063 | D:7      | Gained mutation: You are strong-willed. (Will+) [potion of
                  | mutation]
  8063 | D:7      | Gained mutation: Your mind is acute. (Int +2) [potion of
                  | mutation]
  8089 | D:7      | Reached XP level 10. HP: 42/63 MP: 7/10
  8310 | D:8      | Noticed Grum
  8480 | D:8      | Killed Grum
  9277 | D:8      | Found a shimmering altar of Xom.
  9325 | D:8      | Reached skill level 9 in Axes
  9430 | D:8      | Found a bloodstained altar of Trog.
  9468 | D:8      | Became a worshipper of Trog the Wrathful
  9512 | D:8      | Noticed a white ugly thing
  9521 | D:8      | Noticed a cyclops
  9561 | D:7      | HP: 2/64 [cyan ugly thing (3)]
  9568 | D:7      | Killed a cyan ugly thing
  9904 | D:8      | Killed a cyclops
 10070 | D:8      | Found a burning altar of Makhleb.
 10215 | D:8      | Found an iron altar of Okawaru.
 10580 | D:9      | Noticed a two-headed ogre
 10892 | D:8      | Killed a two-headed ogre
 10893 | D:8      | Reached XP level 11. HP: 39/69 MP: 7/11
 11265 | D:9      | Noticed a two-headed ogre
 11273 | D:9      | Killed a two-headed ogre
 11274 | D:9      | Reached skill level 10 in Axes
 11419 | D:9      | Found a stormy altar of Qazlal.
 11598 | D:9      | Reached * piety under Trog
 11854 | D:10     | Entered Level 10 of the Dungeon
 11928 | D:10     | Noticed a two-headed ogre
 11941 | D:10     | Killed a two-headed ogre
 12334 | D:10     | Reached ** piety under Trog
 12619 | D:10     | Found a staircase to the Orcish Mines.
 12823 | D:11     | Noticed a death yak
 13031 | D:10     | Killed a death yak
 13032 | D:10     | Reached skill level 11 in Axes
 13171 | D:11     | Found a staircase to the Lair.
 13174 | D:11     | Identified the +0 ring mail of Entitlement {Dex+4}
 13295 | D:11     | Noticed a deep elf pyromancer
 13295 | D:11     | Noticed a deep elf zephyrmancer
 13295 | D:11     | Noticed a deep elf zephyrmancer
 13295 | D:11     | Noticed a deep elf zephyrmancer
 13295 | D:11     | Noticed a deep elf zephyrmancer
 13295 | D:11     | Noticed a deep elf zephyrmancer
 13295 | D:11     | Noticed a deep elf zephyrmancer
 13296 | D:11     | Noticed a deep elf zephyrmancer
 13297 | D:11     | Noticed a deep elf pyromancer
 13297 | D:11     | Noticed a deep elf zephyrmancer
 13297 | D:11     | Noticed a two-headed ogre
 13543 | D:11     | Killed a deep elf zephyrmancer
 13726 | D:11     | Killed a two-headed ogre
 13727 | D:11     | Reached skill level 10 in Fighting
 13727 | D:11     | Reached skill level 10 in Shields
 13727 | D:11     | Reached XP level 12. HP: 74/77 MP: 9/12
 13818 | D:11     | Reached skill level 10 in Armour
 14369 | D:11     | Reached *** piety under Trog
 14645 | D:12     | Found a frozen archway.
 14664 | D:12     | Reached skill level 12 in Axes
 14673 | IceCv    | Entered an ice cave
 14675 | IceCv    | Found a transporter.
 14729 | IceCv    | Found a transporter.
 16888 | D:12     | Reached XP level 13. HP: 84/84 MP: 9/13
 17495 | D:12     | Reached skill level 13 in Axes
 19626 | D:13     | Noticed an ice dragon
 19647 | D:13     | Killed an ice dragon
 19754 | D:13     | Reached **** piety under Trog
 19970 | D:13     | Identified the +8 broad axe "Befat" {freeze, Contam rPois
                  | rC+ Will+}
 20632 | D:14     | Reached skill level 14 in Axes
 20632 | D:14     | Gained mutation: Your large and strong wings let you fly.
                  | [Gargoyle growth]
 20632 | D:14     | Reached XP level 14. HP: 92/92 MP: 14/14
 21269 | D:14     | Found a gate to the Vaults.
 21317 | D:14     | Identified a scroll of acquirement
 21317 | D:14     | Acquired 563 gold pieces
 21442 | D:14     | Identified the +10 mace "Lacertilianslayer" {pain, rC+++
                  | rCorr Str-2}
 21644 | D:14     | Reached ***** piety under Trog
 21780 | D:14     | Found a runed translucent gate.
 21807 | D:14     | Found a runed translucent gate.
 21807 | D:14     | Found a runed translucent gate.
 21810 | D:14     | Noticed Laowois's ghost (journeyman MiBe)
 22380 | D:14     | Killed Laowois's ghost
 22381 | D:14     | Reached skill level 15 in Axes
 22645 | D:15     | Entered Level 15 of the Dungeon
 22696 | D:15     | Received a gift from Trog
 22926 | D:15     | Noticed a stone giant
 22939 | D:15     | Killed a stone giant
 22946 | D:15     | Reached XP level 15. HP: 99/99 MP: 11/15
 23256 | D:15     | Found a staircase to the Depths.
 24347 | D:15     | Gained mutation: You are occasionally teleported next to
                  | monsters. [mutagenic glow]
 24575 | Lair:1   | Entered Level 1 of the Lair of Beasts
 24600 | Lair:1   | Noticed Fannar
 24624 | Lair:1   | Killed Fannar
 24686 | Lair:1   | Noticed Joseph
 24701 | Lair:1   | Killed Joseph
 24864 | Lair:1   | Received a gift from Trog
 25355 | Lair:2   | Found a staircase to the Swamp.
 25550 | Lair:2   | Found a stormy altar of Qazlal.
 25794 | Lair:2   | Found a hole to the Spider Nest.
 26101 | Lair:3   | Found a dark tunnel.
 26121 | Volcano  | Entered a volcano
 26152 | Volcano  | Reached skill level 16 in Axes
 26451 | Volcano  | Noticed an orb of fire
 26621 | Volcano  | Noticed an orb of fire
 26943 | Lair:3   | Found the +4 skin of Zhor {*Englaciate rC+++ SInv}
 27479 | Lair:4   | Found a gate leading to a gauntlet.
 27491 | Gauntlet | Entered a Gauntlet
 27491 | Gauntlet | Found a transporter.
 27491 | Gauntlet | Found a transporter.
 27491 | Gauntlet | Found a transporter.
 27508 | Gauntlet | Found a transporter.
 27511 | Gauntlet | Found a transporter.
 27519 | Gauntlet | Found a transporter.
 27522 | Gauntlet | Found a transporter.
 27530 | Gauntlet | Found a transporter.
 27550 | Gauntlet | Found a transporter.
 27568 | Gauntlet | Found a transporter.
 27572 | Gauntlet | Found a transporter.
 27582 | Gauntlet | Found a transporter.
 28105 | Lair:4   | Reached XP level 16. HP: 92/106 MP: 16/16
 28154 | Lair:4   | Received a gift from Trog
 28601 | Lair:5   | Found a staircase to the Slime Pits.
 29160 | Lair:6   | Entered Level 6 of the Lair of Beasts
 29240 | Lair:6   | Reached ****** piety under Trog
 29258 | Lair:6   | Reached skill level 17 in Axes
 29315 | Lair:6   | Noticed Nessos
 29324 | Lair:6   | Received a gift from Trog
 29336 | Lair:6   | Noticed Nessos
 29336 | Lair:6   | Nessos changed into Nessos the tarantella
 29345 | Lair:6   | Killed Nessos the tarantella
 29414 | Lair:6   | Noticed Kirke
 29432 | Lair:6   | Killed Kirke
 29524 | Lair:6   | Identified the +10 war axe "Hiadaz" {vorpal, rElec rPois
                  | Str+2 Dex-2}
 29558 | Lair:6   | Reached skill level 15 in Shields
 29571 | Lair:6   | Reached skill level 15 in Fighting
 29781 | Lair:6   | Reached skill level 15 in Armour
 30533 | Orc:1    | Entered Level 1 of the Orcish Mines
 31017 | Orc:2    | Entered Level 2 of the Orcish Mines
 31018 | Orc:2    | Found Qoleamud's Jewellery Emporium.
 31036 | Orc:2    | Received a gift from Trog
 31043 | Orc:2    | Reached XP level 17. HP: 113/113 MP: 17/17
 31236 | Orc:2    | Bought the ring of Xomikyum {Drain rF++ rCorr EV+4 Stlth+}
                  | for 633 gold pieces
 31252 | Orc:2    | Found Qulounyl's Antique Weapon Shoppe.
 31313 | Orc:2    | Found a staircase to the Elven Halls.
 31339 | Orc:2    | Found Pegrotak's General Store.
 31349 | Orc:2    | Bought the +0 helmet of Mysticism {Str+6 Dex+3} for 516
                  | gold pieces
 31682 | Orc:2    | Found Lienanur's General Store.
 31699 | Orc:2    | Found Qumnuc's Antique Armour Boutique.
 31730 | Orc:2    | Bought a glowing scarf for 272 gold pieces
 32289 | Swamp:1  | Entered Level 1 of the Swamp
 32326 | Swamp:1  | Received a gift from Trog
 32390 | Swamp:1  | Reached skill level 18 in Axes
 32918 | Swamp:2  | Identified the +2 short sword "Xom's Full Attention"
                  | {protect, Dex+2 SInv}
 33597 | Swamp:3  | Identified the +8 broad axe "Leviticus" {flame, rF- rC+
                  | Dex+4} (Trog gifted it to you on level 3 of the Swamp)
 33597 | Swamp:3  | Received a gift from Trog
 33925 | Swamp:4  | Entered Level 4 of the Swamp
 34449 | Swamp:4  | Reached XP level 18. HP: 122/122 MP: 18/18
 34576 | Swamp:4  | Received a gift from Trog
 34964 | Swamp:4  | Noticed a tentacled monstrosity
 34977 | Swamp:4  | Killed a tentacled monstrosity
 35122 | Swamp:4  | Lost mutation: Your mind is acute. (Int +2) [a neqoxec]
 35131 | Swamp:4  | Noticed a tentacled monstrosity
 35143 | Swamp:4  | Killed a tentacled monstrosity
 35228 | Swamp:4  | Got a decaying rune of Zot
 35352 | Spider:1 | Entered Level 1 of the Spider Nest
 35613 | Spider:1 | Received a gift from Trog
 36286 | Spider:2 | HP: 9/186 [meliai/divine providence (8)]
 36287 | Spider:2 | HP: 2/186 [barbs]
 36290 | Spider:2 | Succumbed to barbed spike wounds

Illustrated notes

Levels and vault maps discovered:
D:1:      dpeg_arrival_round_a, layout_rooms
D:2:      minmay_spotlight, layout_loops_cross,
          dilly_ecumenical_altar_fadedgnrine, basic_altar, serial_shops,
          nicolae_shop_trees, minmay_small_reverse_x, uniq_terence
D:3:      layout_loops_cross
D:4:      layout_cave_pods, st_stairs_13
D:5:      layout_basic, yredelemnul_forgotten_temple_becter,
          gammafunk_temple_overflow_forgotten, serial_shops,
          nicolae_diamond_shop, nicolae_shop_statue_plus, nicolae_shop_trees,
          shop
D:6:      layout_basic, chei_slow_surprise, kennysheep_mini_moat,
          elyvilon_altar_4, minmay_temple_entry_waves, serial_glass,
          glass_columns_b, glass_columns_a, grunt_decor_resistance
D:7:      layout_cave_pools, serial_shops, shop, minivault_27, uniq_harold,
          uniq_pikel
D:8:      layout_basic, marbit_many_paths, bloody_trog, amcnicky_altar_gilded,
          okawaru_altar_gauntlet_db, grunt_decor_fettered, st_stairs_6,
          uniq_grum
D:9:      nicolae_cairo_tiling_large_dashed, layout_irregular_city,
          nicolae_qazlal_general_emergency, minmay_chambers_of_fives
D:10:     layout_roguey, orc_0_dummy, kennysheep_pointless_box
D:11:     layout_loops_ring, david_lair_generic, dk_vineyard_2,
          elves_outpost_lemuel
D:12:     layout_rooms, serial_ice, serial_ice_f, serial_ice_g, serial_ice_a,
          serial_ice_o, portal_ice_cave_entry_pillars_1
D:13:     minmay_the_grid_triangle_9x9_rhombus_thin
          [minmay_the_grid_triangle_9x9_empty,
          minmay_the_grid_triangle_9x9_prize_insulated,
          minmay_the_grid_triangle_9x9_zippers_horizontal,
          minmay_the_grid_triangle_9x9_flanged_cone], layout_cross
D:14:     layout_small_grid, erik_vaults_2, biasface_ghost_orc_armoury,
          fountainhead, minmay_hollow_rounded_squares
D:15:     hangedman_depths_entry_civil_slaughter, layout_irregular_city
Temple:   dpeg_chambers_temple
Lair:1:   layout_gridlike, special_room [special_room_bee],
          grunt_forest_small_clearing_treed, uniq_fannar, uniq_joseph
Lair:2:   layout_big_grid, swamp_mist, spider_nest_entry_webs, basic_altar,
          serial_bayou_shore_a
Lair:3:   layout_chaotic_city, nicolae_volcano_entry_batcave,
          hellmonk_guarded_unrand_zhor, grunt_megastairs_4, lemuel_fruit_fields
Lair:4:   layout_cave_shapes, gauntlet_entry_generic
Lair:5:   layout_misc_corridors, nicolae_slime_entry_slimehenge, minivault_26,
          dreamdust_deal_with_the_devil, grunt_megastairs_2,
          serial_bayou_shore_b
Lair:6:   minmay_lair_end_frog_pond, layout_regular_city, grunt_megastairs_5,
          uniq_kirke, uniq_nessos
Swamp:1:  layout_basic_swamp, evilmike_swamp_ruin_rubble_1
Swamp:2:  layout_falls_marsh, evilmike_swamp_ruin_house_6,
          infiniplex_staircase_pool
Swamp:3:  layout_basic_swamp, evilmike_swamp_ruin_house_5
Swamp:4:  nzn_swamp_witches_coven, layout_basic_swamp, swamp_pool2,
          nicolae_swamp_orc_logging_accident, nicolae_swamp_stuck_in_the_mud
Spider:1: nicolae_spider_mines_3, nicolae_spider_shape
Spider:2: layout_spider_delve
Orc:1:    layout_diamond_mine, elf_legates
Orc:2:    grunt_orc_gardens, layout_caves, grunt_orc_garden, grunt_orc_garden,
          grunt_orc_garden, grunt_orc_garden, serial_shops,
          nicolae_shop_statue_plus, nooodl_orcs_dogs

Skill      XL: |  1  2  3  4  5  6  7  8  9 10 11 12 13 14 15 16 17 18 |
---------------+-------------------------------------------------------+-----
Axes           | 2 3 4 5 7 8 9 11 12 14 15 16 17 18 | 18.0
Fighting       | 4 5 6 7 8 10 11 12 13 14 15 16 17 | 17.9
Armour         | 4 5 6 7 8 9 11 12 13 14 15 16 17 | 17.9
Shields        | 4 5 6 7 8 10 11 12 13 14 15 16 17 | 17.9

Action                   |  1- 3 |  4- 6 |  7- 9 | 10-12 | 13-15 | 16-18 || total
-------------------------+-------+-------+-------+-------+-------+-------++-------
Melee: War axe           |    93 |   176 |    71 |   548 |   396 |       ||  1284
       Hand axe          |       |       |   280 |   381 |       |       ||   661
       Broad axe         |       |       |       |       |   743 |  1355 ||  2098
       Scimitar          |       |       |       |       |     7 |       ||     7
Invok: Berserk           |       |       |       |     4 |    12 |    12 ||    28
Evoke: Wand              |       |       |     5 |     4 |     1 |     2 ||    12
  Use: Potion            |     1 |     3 |     4 |     5 |     5 |     1 ||    19
       Scroll            |       |       |    11 |    14 |     9 |     2 ||    36
Armor: Scale mail        |    70 |   110 |   259 |   154 |       |       ||   593
       Chain mail        |       |       |       |   174 |       |       ||   174
       Plate armour      |       |       |       |   337 |   907 |   987 ||  2231
Dodge: Dodged            |    57 |   100 |   197 |   310 |   296 |   411 ||  1371
Block: Buckler           |    22 |    49 |    92 |   269 |   129 |       ||   561
       Kite shield       |       |       |       |       |   457 |   306 ||   763
       Tower shield      |       |       |       |       |       |   833 ||   833
